 Dungeon Crawl Stone Soup version 0.29-a0-214-g17f627cfee (webtiles) character file.

Game seed: 15375403163329449862

771 TrayleKats the Cleaver (level 7, 0/62 HPs)
             Began as a Hill Orc Monk on Feb 24, 2022.
             Was an Initiate of Beogh.
             Slain by a hellwing (5 damage)
             ... created by the fury of Makhleb
             ... on level 5 of the Dungeon.
             The game lasted 00:07:07 (4839 turns).

TrayleKats the Cleaver (Hill Orc Monk)              Turns: 4839, Time: 00:07:09

Health: 0/62       AC:  4    Str: 16    XL:     7   Next: 83%
Magic:  11/11      EV: 12    Int: 10    God:    Beogh [......]
Gold:   131        SH:  0    Dex: 13    Spells: 6/6 levels left

rFire   . . .      SeeInvis .   a - +1 war axe (venom)
rCold   . . .      Faith    .   (no shield)
rNeg    . . .      Spirit   .   d - +0 leather armour
rPois   .          Reflect  .   (no helmet)
rElec   .          Harm     .   (no cloak)
rCorr   .          Rampage  .   f - +0 pair of gloves
Will    .....                   (no boots)
Stlth   ++........              m - amulet of the acrobat
HPRegen 0.20/turn               n - ring of flight
MPRegen 0.12/turn               (no ring)

@: flying
A: no striking features
a: Renounce Religion


You were on level 5 of the Dungeon.
You worshipped Beogh.
Beogh was noncommittal.
You visited 1 branch of the dungeon, and saw 5 of its levels.

You collected 131 gold pieces.

Inventory:

Hand Weapons
 a - a +1 war axe of venom (weapon)
Armour
 d - a +0 leather armour (worn)
 f - a +0 pair of gloves (worn)
Jewellery
 m - an amulet of the acrobat (around neck)
 n - a ring of flight (left hand)
Scrolls
 b - a scroll of holy word {unknown}
 c - a scroll of blinking {unknown}
 e - 6 scrolls of identify {unknown}
 g - 5 scrolls of fog {unknown}
 j - a scroll of brand weapon {unknown}
 l - 2 scrolls of immolation {unknown}
 o - a scroll of enchant armour {unknown}
Potions
 h - a potion of might {unknown}
 i - a potion of haste {unknown}
 k - 3 potions of curing
 p - a potion of brilliance {unknown}


   Skills:
 + Level 5.8 Fighting
 * Level 8.1 Axes
 - Level 2.4 Dodging
 - Level 1.5 Stealth
 * Level 6.6 Invocations


You had 6 spell levels left.
You didn't know any spells.
Your spell library contained the following spells:

 Spells                   Type           Power      Damage    Failure   Level
 Gell's Gravitas          Tloc           0%         N/A       80%         3
 Teleport Other           Tloc           0%         N/A       80%         3
 Dispersal                Tloc           0%         N/A       100%        6


Dungeon Overview and Level Annotations

Branches:
Dungeon (5/15)             Temple (0/1) D:4

Altars:
Makhleb


Message History

Things that are here:
a +0 club; an orc corpse You kill the orc warrior!
Beogh accepts your kill.
Your Axes skill increases to level 8!
The worm completely misses you.
You hit the worm.
The worm looks as sick as possible!
The worm is almost dead.
You kill the worm!
Beogh accepts your kill.
You see here a worm corpse.
You start resting.
Makhleb sends a minion to punish you.
A hellwing comes into view.
A hellwing is nearby!
A hellwing is nearby!
Unknown command.
You hit the hellwing but do no damage.
The hellwing is poisoned.
The hellwing barely misses you. The hellwing hits you.
You closely miss the hellwing.
The hellwing is lightly wounded.
The hellwing hits you!
* * * LOW HITPOINT WARNING * * *
The hellwing hits you but does no damage.
You closely miss the hellwing. The hellwing closely misses you.
The hellwing misses you.
You barely miss the hellwing. The hellwing closely misses you.
The hellwing hits you.
* * * LOW HITPOINT WARNING * * *
You barely miss the hellwing. The hellwing completely misses you.
The hellwing hits you.
* * * LOW HITPOINT WARNING * * *
You slash the hellwing!
The hellwing looks as sick as possible!
The hellwing is moderately wounded.
The hellwing barely misses you. The hellwing hits you.
* * * LOW HITPOINT WARNING * * *
You barely miss the hellwing.
The hellwing is moderately wounded.
The hellwing closely misses you. The hellwing hits you.
You die...

#....# # ##....# #
#.....# # #....## #
#....# # #..### #
#.########+#### #
#........)..$.# #
#..4@†.)).....#######
#.....)..)....##.....
####+########.##.....
#...)o #....[ #o....
#.†... #..<.. #...#..


You could see a hellwing (extremely poisoned).

Vanquished Creatures
  Grinder (D:3)
  An orc warrior (D:5)
  2 scorpions
  A centaur zombie (D:5)
  2 hounds
  2 orc priests (D:5)
  An iguana (D:4)
  2 orc wizards (D:4)
  A hound zombie (D:5)
  3 adders
  A shadow imp (D:4)
  2 adder skeletons (D:4)
  2 worms
  3 dart slugs
  8 orcs
  5 endoplasms
  A giant cockroach (D:2)
  6 goblins
  3 hobgoblins
  5 jackals
  5 kobolds
  6 quokkas
  5 ball pythons
  A bat (D:1)
  3 frilled lizards
  A quokka skeleton (D:4)
  2 rats
75 creatures vanquished.

Notes
Turn   | Place    | Note
-------+----------+-------------------------------------------
     0 | D:1      | TrayleKats the Hill Orc Monk began the quest for the Orb.
     0 | D:1      | Reached XP level 1. HP: 19/19 MP: 1/1
   121 | D:1      | Found a faded altar of an unknown god.
   142 | D:1      | Prayed at the altar of an unknown god.
   142 | D:1      | Became a worshipper of Makhleb the Destroyer
   142 | D:1      | Reached * piety under Makhleb
   142 | D:1      | Reached ** piety under Makhleb
   561 | D:1      | Reached XP level 2. HP: 27/27 MP: 2/2
   710 | D:2      | Reached *** piety under Makhleb
   714 | D:2      | Reached skill level 1 in Invocations
   946 | D:2      | Reached XP level 3. HP: 33/33 MP: 4/4
  1199 | D:2      | Reached skill level 5 in Axes
  2147 | D:3      | Reached XP level 4. HP: 11/40 MP: 5/5
  2606 | D:3      | Noticed Grinder
  2615 | D:3      | Killed Grinder
  2616 | D:3      | Reached skill level 6 in Axes
  2616 | D:3      | Reached XP level 5. HP: 35/47 MP: 5/8
  2616 | D:3      | Reached XP level 6. HP: 41/55 MP: 5/9
  2720 | D:3      | Reached skill level 5 in Fighting
  3315 | D:4      | Found a staircase to the Ecumenical Temple.
  3455 | D:4      | Reached skill level 7 in Axes
  3455 | D:4      | Reached skill level 5 in Invocations
  3812 | D:4      | Reached XP level 7. HP: 27/61 MP: 9/11
  4478 | D:5      | Entered Level 5 of the Dungeon
  4571 | D:5      | Reached **** piety under Makhleb
  4616 | D:5      | Fell from the grace of Makhleb
  4616 | D:5      | Became a worshipper of Beogh the Brigand
  4732 | D:5      | Reached skill level 8 in Axes
  4832 | D:5      | Noticed a hellwing
  4839 | D:5      | Slain by a hellwing

Illustrated notes

Levels and vault maps discovered:
D:1:      matt_arrival_los_fun, layout_basic,
          shapermc_ecumenical_altar_notcrosses
D:2:      layout_basic
D:3:      layout_basic, st_stairs_11, chequers_serial_rivers_small_3,
          uniq_grinder
D:4:      layout_basic, minmay_temple_entry_sparse_star
D:5:      minmay_opposing_rooms, layout_rooms

Skill      XL: |  1  2  3  4  5  6  7 |
---------------+----------------------+-----
Invocations    | 1 2 4 5 6 |  6.6
Fighting       | 4 5 |  5.8
Axes           | 5 6 7 8 |  8.1
Dodging        | |  2.4
Stealth        | |  1.5

Action                   |  1- 3 |  4- 6 |  7- 9 || total
-------------------------+-------+-------+-------++-------
Melee: Hand axe          |    96 |       |       ||    96
       Punch             |     1 |     1 |       ||     2
       War axe           |       |    68 |    64 ||   132
Invok: Minor Destruction |     1 |     7 |       ||     8
       Convert to Beogh  |       |       |     1 ||     1
  Use: Potion            |       |       |     1 ||     1
 Stab: Sleeping          |     3 |     2 |       ||     5
Armor: Leather armour    |    21 |    13 |    21 ||    55
Dodge: Dodged            |    64 |    44 |    70 ||   178

Table legend: (Time is in decaauts)
 A = Elapsed time spent in this place.
 B = Non-inter-level travel time spent in this place.
 C = Inter-level travel time spent in this place.
 D = Time resting spent in this place.
 E = Time spent auto-exploring this place.
 F = Levels seen in this place.
 G = Mean time per level.
                   A        B        C        D        E       F      G
               +--------+--------+--------+--------+--------+-----+--------+
         Total |   4866 |   4762 |    104 |   1804 |   2346 |   5 |  973.2 |
       Dungeon |   4866 |   4762 |    104 |   1804 |   2346 |   5 |  973.2 |
               +--------+--------+--------+--------+--------+-----+--------+

Top non-repeatable levels by time:
     D:4: 1421 daAuts
     D:2: 1417 daAuts
     D:3: 1043 daAuts
     D:1: 693 daAuts
     D:5: 289 daAuts
